 Dungeon Crawl Stone Soup version 0.18.1-6-gd335043 (webtiles) character file.

197 zeroDi the Cutter (level 5, 0/26 HPs)
             Began as a Vine Stalker Assassin on May 20, 2016.
             Succumbed to a worker ant's poison
             ... on level 4 of the Dungeon.
             The game lasted 00:07:00 (2173 turns).

zeroDi the Cutter (Vine Stalker Assassin)           Turns: 2173, Time: 00:07:01

Health: 0/26       AC:  3    Str: 14    XL:     5   Next: 75%
Magic:  2/6        EV: 11    Int: 11    God:
Gold:   206        SH:  0    Dex: 16    Spells: 0 memorised, 4 levels left

rFire  . . .     SeeInvis .     a - +2 dagger
rCold  . . .     Gourm    .     c - +0 robe
rNeg   . . .     Faith    .     (no shield)
rPois  .         Spirit   +     (no helmet)
rElec  .         Dismiss  .     d - +0 cloak
rCorr  .         Reflect  .     (no gloves)
SustAt .         Harm     .     (no boots)
MR     .....                    (no amulet)
Stlth  +++.......               (no ring)
                                (no ring)

@: lethally poisoned (0 -> -6), not resistant to hostile enchantments, fairly
stealthy
A: fangs 2, regeneration 1, magic shield, antimagic bite, no device heal 3, rot
immunity
a: no special abilities


You were on level 4 of the Dungeon.
You were not hungry.

You visited 1 branch of the dungeon, and saw 4 of its levels.

You collected 206 gold pieces.


Innate Abilities, Weirdness & Mutations

You have extremely sharp teeth.
Your natural rate of healing is unusually fast.
When hurt, damage is shared between your health and your magic reserves.
Your bite disrupts and absorbs the magic of your enemies.
Potions and wands cannot restore your health.
You are immune to rotting.


   Skills:
 - Level 1.7 Fighting
 + Level 5.2 Short Blades
 - Level 1.7 Throwing
 - Level 0.7 Dodging
 - Level 4.8 Stealth


You had 4 spell levels left.
You didn't know any spells.

Inventory:

Hand Weapons
 a - a +2 dagger (weapon)
 b - a +0 blowgun
Missiles
 e - 7 poisoned needles
 f - 2 curare-tipped needles {=f}
Armour
 c - a +0 robe (worn)
 d - a +0 cloak (worn)
Scrolls
 h - 4 scrolls of identify {unknown}
 i - 2 scrolls of enchant armour {unknown}
 j - a scroll of blinking {unknown}
Potions
 k - a potion of brilliance {unknown}
 l - a potion of flight {unknown}
 n - 2 potions of agility {unknown}
 o - a potion of haste {unknown}
 p - a potion of ambrosia {unknown}
 q - a potion of resistance {unknown}
Comestibles
 g - 2 bread rations

Dungeon Overview and Level Annotations

Branches:
Dungeon (3/15)

Altars:
Kikubaaqudgha

Shops:
D:4

[}= #.....######..##
#.........##....
######.........##...#### #
.......#.......##...... .#
.........>.....##....# #.#
...............##....##†.##.#
...............##...........#
.......#..#######.....#.#####
########........@.a...#.#
##.#############.# #.........
.# #...##################
#.....................
#..#.#########........ #..#.#
...#.####### #..#.. ##.#.#..
## #...... #..).#.#


You could see a worker ant.


Message History

You feel sick. The worker ant misses you.
You hit the worker ant. Your bite misses the worker ant.
The worker ant is severely wounded.
The worker ant bites you.
* * * LOW HITPOINT WARNING * * *
You hit the worker ant. Your bite misses the worker ant.
The worker ant is almost dead.
You feel sick. The worker ant misses you.
You hit the worker ant but do no damage.
Your bite misses the worker ant.
The worker ant is almost dead.
The worker ant bites you but does no damage.
You feel sick.
You feel sick. The worker ant bites you.
* * * LOW HITPOINT WARNING * * *
You are lethally poisoned!
The worker ant poisons you!
* * * LOW HITPOINT WARNING * * *
You feel sick.
You die...

Action                   |  1- 3 |  4- 6 || total
-------------------------+-------+-------++-------
Melee: Dagger            |   167 |    41 ||   208
       Bite              |    59 |    11 ||    70
 Fire: Blowgun           |     6 |     2 ||     8
  Use: Scroll            |       |     1 ||     1
 Stab: Sleeping          |     6 |     3 ||     9
  Eat: Bread ration      |       |     1 ||     1
Armor: Robe              |    19 |     6 ||    25
Dodge: Dodged            |    48 |    20 ||    68

Vault maps used:
D:1:      dpeg_arrival_pits, serial_bayou_lagoon_a, dk_noncrumbling_3
D:2:      first_bread, serial_forest, infiniplex_forest_clump_medium,
          infiniplex_forest_lined_1, infiniplex_forest_straight_5,
          infiniplex_forest_clump_double, infiniplex_forest_lined_2,
          infiniplex_forest_lined_3, infiniplex_forest_end_3,
          infiniplex_forest_clump_long
D:4:      kiku_gazebo_pond_becter, serial_shops, shop, shop_coins, shop,
          shop_fountains, dk_noncrumbling_4, xom_confusion_cloud

Notes
Turn   | Place    | Note
--------------------------------------------------------------
     0 | D:1      | zeroDi the Vine Stalker Assassin began the quest for the Orb.
     0 | D:1      | Reached XP level 1. HP: 11/11 MP: 2/2
    57 | D:1      | Reached skill level 2 in Short Blades
   103 | D:1      | Reached XP level 2. HP: 13/15 MP: 3/3
   401 | D:1      | Reached skill level 3 in Short Blades
   401 | D:1      | Reached XP level 3. HP: 6/18 MP: 2/4
   911 | D:2      | Reached XP level 4. HP: 21/23 MP: 5/5
   927 | D:2      | Reached skill level 4 in Short Blades
  1426 | D:3      | You fall through a shaft!
  1471 | D:4      | Reached XP level 5. HP: 12/26 MP: 6/6
  1688 | D:4      | Reached skill level 5 in Short Blades
  1689 | D:4      | Found an ancient bone altar of Kikubaaqudgha.
  1694 | D:4      | Found Pottig's Jewellery Shop.
  1730 | D:4      | Found Foxuug's Antique Armour Shop.
  1786 | D:4      | Found Qamit's Gadget Emporium.
  1809 | D:4      | Noticed a phantom
  2009 | D:4      | Noticed an ogre
  2171 | D:4      | HP: 2/26 [worker ant (3)]
  2173 | D:4      | Succumbed to a worker ant's poison

Vanquished Creatures
  A scorpion (D:4)
  A hound (D:4)
  A centaur skeleton (D:4)
  3 gnolls (D:2)
  An adder (D:1)
  An adder skeleton (D:4)
  A worm (D:2)
  A giant gecko (D:2)
  An orc (D:4)
  2 giant cockroaches (D:1)
  8 goblins
  6 hobgoblins
  2 jackals (D:1)
  A quokka (D:4)
  2 bats
  7 kobolds (D:1)
  6 rats
  A plant (D:1)
46 creatures vanquished.

Vanquished Creatures (others)
  A worker ant (D:4)
  A dart slug (D:4)
2 creatures vanquished.

Grand Total: 48 creatures vanquished
